PIO (24 & UNDER)
SALEM SLEDGEHAMMERS @ SASKATOON SMOKIN' GUNS
07/17/2027
 
TOP OF THE 1ST
Salem Sledgehammers batting - Pitching for Saskatoon Smokin' Guns : RHP José Fernández
Pitching: RHP José Fernández
Batting: RHB Luis Bustamante 0-0: Ground out 5-3 (Groundball, 56S)
Batting: SHB Enrique Uribe 0-0: Ball
1-0: Called Strike
1-1: Ball
2-1: Ball
3-1: Base on Balls
Batting: LHB Nathan Frey 0-0: Ball
1-0: Ball
2-0: Fly out, F8 (Flyball, 8RS)
Batting: SHB Richard Griffin 0-0: Swinging Strike
0-1: Fly out, F7 (Flyball, 7S)
Top of the 1st over - 0 run(s), 0 hit(s), 0 error(s), 1 left on base; Salem 0 - Saskatoon 0
BOTTOM OF THE 1ST
Saskatoon Smokin' Guns batting - Pitching for Salem Sledgehammers : RHP Guillermo Martínez
Pitching: RHP Guillermo Martínez
Batting: RHB Travis Colbert 0-0: Foul Ball, location: 2F
0-1: Ball
1-1: Ball
2-1: Foul Ball, location: 2F
2-2: Ball
3-2: Base on Balls
Batting: RHB Rijk de Rade 0-0: Called Strike
0-1: Ball
1-1: Ball
2-1: Foul Ball, location: 2F
2-2: Ball
3-2: Strikes out swinging
Travis Colbert is caught stealing 2nd base
Batter strikes out.
Batting: LHB Alejandro Rojas 0-0: Ball
1-0: Ball
2-0: Called Strike
2-1: Called Strike
2-2: Ball
3-2: Base on Balls
Batting: RHB César Rodríguez 0-0: Ball
Alejandro Rojas is caught stealing 2nd base
Bottom of the 1st over - 0 run(s), 0 hit(s), 0 error(s), 0 left on base; Salem 0 - Saskatoon 0
TOP OF THE 2ND
Salem Sledgehammers batting - Pitching for Saskatoon Smokin' Guns : RHP José Fernández
Batting: RHB Bobby Miller 0-0: Ball
1-0: Fly out, F8 (Line Drive, 8LM)
Batting: SHB Júlio Salazar 0-0: Ball
1-0: Ground out U3 (Groundball, 3L)
Batting: RHB Patrick Daniels 0-0: Called Strike
0-1: SINGLE (Groundball, 6MD)
Batting: RHB Gilberto Silva 0-0: Ball
1-0: Fly out, F7 (Flyball, 7)
Top of the 2nd over - 0 run(s), 1 hit(s), 0 error(s), 1 left on base; Salem 0 - Saskatoon 0
BOTTOM OF THE 2ND
Saskatoon Smokin' Guns batting - Pitching for Salem Sledgehammers : RHP Guillermo Martínez
Batting: RHB César Rodríguez 0-0: Foul Ball, location: 2F
0-1: SINGLE (Flyball, 78S)
Batting: LHB Bo Rush 0-0: Called Strike
0-1: Swinging Strike
0-2: Ball
1-2: Ball
2-2: Fielders Choice at 2nd, 4-6 (Groundball, 4)
Batting: SHB Michael Miller 0-0: Ball
1-0: Swinging Strike
1-1: Ball
2-1: Foul Ball, location: 2F
2-2: Foul Ball, location: 2F
2-2: Fielders Choice at 2nd, 1-6 (Groundball, 13)
Batting: RHB Julián García 0-0: Ball
Michael Miller is caught stealing 2nd base
Bottom of the 2nd over - 0 run(s), 1 hit(s), 0 error(s), 0 left on base; Salem 0 - Saskatoon 0
TOP OF THE 3RD
Salem Sledgehammers batting - Pitching for Saskatoon Smokin' Guns : RHP José Fernández
Batting: RHB Lakota O'Reilly 0-0: Called Strike
0-1: Ball
1-1: Called Strike
1-2: Ball
2-2: Strikes out swinging, 2-3 out at first.
Batting: RHB Luis Bustamante 0-0: Foul Ball, location: 2F
0-1: Ball
1-1: Swinging Strike
1-2: Ball
2-2: Strikes out swinging
Batting: SHB Enrique Uribe 0-0: Called Strike
0-1: Ball
1-1: Fly out, F8 (Line Drive, 8LD)
Top of the 3rd over - 0 run(s), 0 hit(s), 0 error(s), 0 left on base; Salem 0 - Saskatoon 0
BOTTOM OF THE 3RD
Saskatoon Smokin' Guns batting - Pitching for Salem Sledgehammers : RHP Guillermo Martínez
Batting: RHB Julián García 0-0: SINGLE (Groundball, 56D)
Batting: RHB Henry Jackson 0-0: Fly out, F8 (Flyball, 8LM)
Batting: RHB José Chávez 0-0: Fly out, F8 (Flyball, 8LM)
Batting: RHB Travis Colbert 0-0: Ball
1-0: Ball
2-0: Called Strike
2-1: Foul Ball, location: 2F
2-2: Strikes out swinging
Bottom of the 3rd over - 0 run(s), 1 hit(s), 0 error(s), 1 left on base; Salem 0 - Saskatoon 0
TOP OF THE 4TH
Salem Sledgehammers batting - Pitching for Saskatoon Smokin' Guns : RHP José Fernández
Batting: LHB Nathan Frey 0-0: Called Strike
0-1: Ball
1-1: SOLO HOME RUN (Flyball, 9D), Distance : 419 ft
Batting: SHB Richard Griffin 0-0: SOLO HOME RUN (Flyball, 9LD), Distance : 358 ft
Batting: RHB Bobby Miller 0-0: Ball
1-0: SINGLE (Line Drive, 6)
Batting: SHB Júlio Salazar 0-0: Ball
1-0: Ball
Bobby Miller is caught stealing 2nd base
2-0: Bunt missed!
2-1: Foul Ball, location: 2F
2-2: Foul Ball, location: 2F
2-2: Ball
3-2: Strikes out looking
Batting: RHB Patrick Daniels 0-0: Called Strike
0-1: Ball
1-1: Ball
2-1: Ball
3-1: Base on Balls
Batting: RHB Gilberto Silva 0-0: Ball
1-0: Called Strike
1-1: Foul Ball, location: 2F
1-2: Ball
2-2: Strikes out looking
Top of the 4th over - 2 run(s), 3 hit(s), 0 error(s), 1 left on base; Salem 2 - Saskatoon 0
BOTTOM OF THE 4TH
Saskatoon Smokin' Guns batting - Pitching for Salem Sledgehammers : RHP Guillermo Martínez
Batting: RHB Rijk de Rade 0-0: Foul Ball, location: 2F
0-1: Swinging Strike
0-2: Foul Ball, location: 2F
0-2: Strikes out swinging
Batting: LHB Alejandro Rojas 0-0: Swinging Strike
0-1: Ball
1-1: Swinging Strike
1-2: Strikes out swinging
Batting: RHB César Rodríguez 0-0: Called Strike
0-1: Ball
1-1: Ball
2-1: Fly out, F9 (Flyball, 9S)
Bottom of the 4th over - 0 run(s), 0 hit(s), 0 error(s), 0 left on base; Salem 2 - Saskatoon 0
TOP OF THE 5TH
Salem Sledgehammers batting - Pitching for Saskatoon Smokin' Guns : RHP José Fernández
Batting: RHB Lakota O'Reilly 0-0: Ball
1-0: Foul Ball, location: 2F
1-1: Foul Ball, location: 2F
1-2: Strikes out swinging
Batting: RHB Luis Bustamante 0-0: Ball
1-0: Ball
2-0: Called Strike
2-1: Fly out, F9 (Flyball, 9S)
Batting: SHB Enrique Uribe 0-0: Fly out, F7 (Line Drive, 7D)
Top of the 5th over - 0 run(s), 0 hit(s), 0 error(s), 0 left on base; Salem 2 - Saskatoon 0
BOTTOM OF THE 5TH
Saskatoon Smokin' Guns batting - Pitching for Salem Sledgehammers : RHP Guillermo Martínez
Batting: LHB Bo Rush 0-0: Called Strike
0-1: Foul Ball, location: 2F
0-2: Ball
1-2: Ball
2-2: SINGLE (Flyball, 7LS)
Pitching: RHP Gustavo Castillo
Batting: SHB Michael Miller 0-0: Ball
1-0: Foul Ball, location: 2F
1-1: Swinging Strike
1-2: Ground out U3 (Groundball, 34S)
Bo Rush to second
Batting: RHB Julián García 0-0: Ball
1-0: Ball
2-0: Ball
3-0: Called Strike
3-1: Foul Ball, location: 2F
3-2: Foul Ball, location: 2F
3-2: Base on Balls
Batting: RHB Henry Jackson 0-0: Ball
1-0: Called Strike
1-1: Ball
2-1: Called Strike
2-2: Foul Ball, location: 2F
2-2: Ball
3-2: Strikes out looking
Batting: RHB José Chávez 0-0: Ball
1-0: Foul Ball, location: 2F
1-1: Called Strike
1-2: Ball
2-2: Ball
3-2: Base on Balls
Bo Rush to third
Julián García to second
Batting: RHB Travis Colbert 0-0: Called Strike
0-1: Foul Ball, location: 2F
0-2: SINGLE (Line Drive, 7LS)
Bo Rush scores
Julián García to third
José Chávez to second
Runner from 3rd tries for Home, SAFE, no throw
Batting: RHB Rijk de Rade 0-0: Ball
1-0: Ball
2-0: Called Strike
2-1: Ball
3-1: Base on Balls
José Chávez to third
Travis Colbert to second
Batting: LHB Alejandro Rojas 0-0: Ball
1-0: Foul Ball, location: 2F
1-1: Foul Ball, location: 2F
1-2: Strikes out swinging
Bottom of the 5th over - 2 run(s), 2 hit(s), 0 error(s), 3 left on base; Salem 2 - Saskatoon 2
TOP OF THE 6TH
Salem Sledgehammers batting - Pitching for Saskatoon Smokin' Guns : RHP José Fernández
Batting: LHB Nathan Frey 0-0: Ball
1-0: Ball
2-0: Ball
3-0: Base on Balls
Batting: SHB Richard Griffin 0-0: Called Strike
0-1: Ball
1-1: Foul Ball, location: 2F
1-2: Ball
2-2: Foul Ball, location: 2F
2-2: Strikes out swinging
Batting: RHB Bobby Miller 0-0: Called Strike
0-1: Fly out, F9 (Flyball, 9D)
Batting: SHB Júlio Salazar 0-0: Called Strike
0-1: Swinging Strike
0-2: Ball
1-2: Ball
2-2: Fielders Choice at 2nd, 4-6 (Groundball, 4D)
Top of the 6th over - 0 run(s), 0 hit(s), 0 error(s), 0 left on base; Salem 2 - Saskatoon 2
BOTTOM OF THE 6TH
Saskatoon Smokin' Guns batting - Pitching for Salem Sledgehammers : RHP Gustavo Castillo
Batting: RHB César Rodríguez 0-0: SINGLE (Flyball, 8LS)
Batting: LHB Bo Rush 0-0: Ball
1-0: Swinging Strike
1-1: Called Strike
César Rodríguez is caught stealing 2nd base
1-2: Strikes out swinging
Batting: SHB Michael Miller 0-0: Called Strike
0-1: Foul Ball, location: 2F
0-2: Fly out, F7 (Flyball, 7LS)
Bottom of the 6th over - 0 run(s), 1 hit(s), 0 error(s), 0 left on base; Salem 2 - Saskatoon 2
TOP OF THE 7TH
Salem Sledgehammers batting - Pitching for Saskatoon Smokin' Guns : RHP José Fernández
Batting: RHB Patrick Daniels 0-0: Ball
1-0: Ball
2-0: SINGLE (Groundball, 34D)
Pitching: RHP Álex Amaya
Batting: RHB Gilberto Silva 0-0: Foul Ball, location: 2F
0-1: Ball
1-1: Fly out, F8 (Flyball, 8LS)
Pinch Hitting: RHB Glenn Broadwater 0-0: Ball
Passed Ball!
Patrick Daniels to second
1-0: Called Strike
1-1: Ball
2-1: Ball
3-1: Foul Ball, location: 2F
3-2: Strikes out looking
Batting: RHB Luis Bustamante 0-0: Ball
1-0: Ball
2-0: Foul Ball, location: 2F
2-1: SINGLE (Line Drive, 7S)
Patrick Daniels to third
Runner from 3rd tries for Home, SAFE, no throw
Batting: SHB Enrique Uribe 0-0: Called Strike
0-1: Foul Ball, location: 2F
0-2: Ball
1-2: TRIPLE (Flyball, 89XD)
Luis Bustamante scores
Batting: LHB Nathan Frey 0-0: Called Strike
0-1: Ball
1-1: Foul Ball, location: 2F
1-2: Foul Ball, location: 2F
1-2: Ball
2-2: Ground out 4-3 (Groundball, 4)
Top of the 7th over - 2 run(s), 3 hit(s), 0 error(s), 1 left on base; Salem 4 - Saskatoon 2
BOTTOM OF THE 7TH
Saskatoon Smokin' Guns batting - Pitching for Salem Sledgehammers : RHP Gustavo Castillo
Now at 2B: Fernando Bórquez
Batting: RHB Julián García 0-0: Foul Ball, location: 2F
0-1: Ball
1-1: Swinging Strike
1-2: Strikes out swinging, 2-3 out at first.
Batting: RHB Henry Jackson 0-0: Reached on error, E4 (Groundball, 4)
Batting: RHB José Chávez 0-0: Called Strike
0-1: Ball
Wild Pitch!
Henry Jackson to second
1-1: Foul Ball, location: 2F
1-2: Foul Ball, location: 2F
1-2: Ground out 6-3 (Groundball, 6)
Henry Jackson to third
Batting: RHB Travis Colbert 0-0: Ground out 6-3 (Groundball, 6)
Bottom of the 7th over - 0 run(s), 0 hit(s), 1 error(s), 1 left on base; Salem 4 - Saskatoon 2
TOP OF THE 8TH
Salem Sledgehammers batting - Pitching for Saskatoon Smokin' Guns : RHP Álex Amaya
Batting: SHB Richard Griffin 0-0: Called Strike
0-1: Ball
1-1: Foul Ball, location: 2F
1-2: Foul Ball, location: 2F
1-2: Foul Ball, location: 2F
1-2: Ground out 3-1 (Groundball, 34)
Batting: RHB Bobby Miller 0-0: Called Strike
0-1: Fly out, F8 (Flyball, 8LS)
Batting: SHB Júlio Salazar 0-0: Foul Ball, location: 2F
0-1: DOUBLE (Line Drive, 7LD)
Batting: RHB Patrick Daniels 0-0: Called Strike
0-1: Ball
1-1: Foul Ball, location: 2F
1-2: Ground out 5-3 (Groundball, 56)
Top of the 8th over - 0 run(s), 1 hit(s), 0 error(s), 1 left on base; Salem 4 - Saskatoon 2
BOTTOM OF THE 8TH
Saskatoon Smokin' Guns batting - Pitching for Salem Sledgehammers : RHP Gustavo Castillo
Batting: RHB Rijk de Rade 0-0: Swinging Strike
0-1: SINGLE (Line Drive, 8LS)
Pitching: LHP Pepe Gómez
Batting: LHB Alejandro Rojas 0-0: Ball
1-0: Swinging Strike
1-1: Swinging Strike
1-2: Foul Ball, location: 2F
1-2: Strikes out swinging
Pitching: RHP Ron Moore
Batting: RHB César Rodríguez 0-0: Ball
1-0: Ball
2-0: Foul Ball, location: 2F
2-1: 2-RUN HOME RUN (Flyball, 7D), Distance : 428 ft
Batting: LHB Bo Rush 0-0: Ground out 1-3 (Groundball, P)
Batting: SHB Michael Miller 0-0: Ball
1-0: Ball
2-0: Foul Ball, location: 2F
2-1: Ball
3-1: Ground out U3 (Groundball, 3)
Bottom of the 8th over - 2 run(s), 2 hit(s), 0 error(s), 0 left on base; Salem 4 - Saskatoon 4
TOP OF THE 9TH
Salem Sledgehammers batting - Pitching for Saskatoon Smokin' Guns : RHP Álex Amaya
Pitching: RHP Melvin Hicks
Batting: RHB Gilberto Silva 0-0: Ball
1-0: Ball
2-0: Ball
3-0: Called Strike
3-1: Foul Ball, location: 2F
3-2: Fly out, F6 (Popup, 6D)
Pinch Hitting: RHB José García 0-0: Called Strike
0-1: Ball
1-1: Fly out, F8 (Flyball, 8RD)
Batting: RHB Luis Bustamante 0-0: Fly out, F8 (Flyball, 8LD)
Top of the 9th over - 0 run(s), 0 hit(s), 0 error(s), 0 left on base; Salem 4 - Saskatoon 4
BOTTOM OF THE 9TH
Saskatoon Smokin' Guns batting - Pitching for Salem Sledgehammers : RHP Ron Moore
Pitching: RHP Norberto Deleón
Now at 2B: Gilberto Tovar
Pinch Hitting: LHB Carlos Perneta 0-0: Called Strike
0-1: Ground out 4-3 (Groundball, 4)
Pinch Hitting: RHB Brendon Little 0-0: Called Strike
0-1: Ball
1-1: DOUBLE (Line Drive, 7LS)
Batting: RHB José Chávez 0-0: Called Strike
0-1: Ball
1-1: Called Strike
1-2: Ball
2-2: Strikes out looking
Batting: RHB Travis Colbert 0-0: Called Strike
0-1: Fly out, F8 (Flyball, 89D)
Bottom of the 9th over - 0 run(s), 1 hit(s), 0 error(s), 1 left on base; Salem 4 - Saskatoon 4
TOP OF THE 10TH
Salem Sledgehammers batting - Pitching for Saskatoon Smokin' Guns : RHP Melvin Hicks
Now at SS: Carlos Perneta
Now in CF: Brendon Little
Batting: SHB Enrique Uribe 0-0: Fly out, F7 (Flyball, 7S)
Batting: LHB Nathan Frey 0-0: Called Strike
0-1: Called Strike
0-2: Foul Ball, location: 2F
0-2: Fly out, F8 (Line Drive, 8LM)
Batting: SHB Richard Griffin 0-0: Ball
1-0: Ball
2-0: Swinging Strike
2-1: Ball
3-1: Base on Balls
Pinch Runner at 1st Donovan James:
Batting: RHB Bobby Miller 0-0: Called Strike
0-1: Ball
1-1: Called Strike
1-2: Foul Ball, location: 2F
1-2: Ball
2-2: Foul Ball, location: 2F
2-2: Ball
3-2: Foul Ball, location: 2F
3-2: Base on Balls
Donovan James to second
Batting: SHB Júlio Salazar 0-0: Fly out, F8 (Flyball, 8LS)
Top of the 10th over - 0 run(s), 0 hit(s), 0 error(s), 2 left on base; Salem 4 - Saskatoon 4
BOTTOM OF THE 10TH
Saskatoon Smokin' Guns batting - Pitching for Salem Sledgehammers : RHP Norberto Deleón
Now at 3B: Adam Davis
Batting: RHB Rijk de Rade 0-0: Ground out 5-3 (Groundball, 5L)
Batting: LHB Alejandro Rojas 0-0: Ball
1-0: Called Strike
1-1: Fly out, F8 (Line Drive, 89D)
Batting: RHB César Rodríguez 0-0: Ground out 5-3 (Groundball, 5S)
Bottom of the 10th over - 0 run(s), 0 hit(s), 0 error(s), 0 left on base; Salem 4 - Saskatoon 4
TOP OF THE 11TH
Salem Sledgehammers batting - Pitching for Saskatoon Smokin' Guns : RHP Melvin Hicks
Pitching: RHP Bernardo García
Batting: RHB Patrick Daniels 0-0: Called Strike
0-1: Fly out, F2 (Popup, 13S)
Batting: RHB Gilberto Silva 0-0: Ball
1-0: Ball
2-0: Called Strike
2-1: Ball
3-1: Foul Ball, location: 2F
3-2: Ground out 1-3 (Groundball, 13S)
Pinch Hitting: RHB Robert Stevens 0-0: Ball
1-0: Ball
2-0: Ball
3-0: Base on Balls
Batting: RHB Luis Bustamante 0-0: Foul Ball, location: 2F
0-1: Ball
1-1: Swinging Strike
1-2: Foul Ball, location: 2F
1-2: Ball
2-2: DOUBLE (Line Drive, 9LS)
Robert Stevens to third
Batting: SHB Enrique Uribe 0-0: Fly out, F8 (Flyball, 8LM)
Top of the 11th over - 0 run(s), 1 hit(s), 0 error(s), 2 left on base; Salem 4 - Saskatoon 4
BOTTOM OF THE 11TH
Saskatoon Smokin' Guns batting - Pitching for Salem Sledgehammers : RHP Norberto Deleón
Pitching: LHP Alberto Pagán
Now at 2B: Erik Carter
Batting: LHB Bo Rush 0-0: Swinging Strike
0-1: Foul Ball, location: 2F
0-2: Strikes out swinging
Batting: SHB Michael Miller 0-0: Called Strike
0-1: Ball
1-1: Ball
2-1: Ball
3-1: Base on Balls
Pinch Hitting: RHB Juan Chávez 0-0: Ball
1-0: Ball
2-0: Foul Ball, location: 2F
2-1: Hit by Pitch
Michael Miller to second
Batting: RHB Brendon Little 0-0: Called Strike
0-1: Foul Ball, location: 2F
0-2: Ball
1-2: Foul Ball, location: 2F
1-2: Ball
2-2: Foul Ball, location: 2F
2-2: Strikes out swinging
Batting: RHB José Chávez 0-0: Called Strike
0-1: Ball
1-1: Swinging Strike
1-2: Strikes out looking
Bottom of the 11th over - 0 run(s), 0 hit(s), 0 error(s), 2 left on base; Salem 4 - Saskatoon 4
TOP OF THE 12TH
Salem Sledgehammers batting - Pitching for Saskatoon Smokin' Guns : RHP Bernardo García
Now at SS: Johnny MacNamara
Batting: LHB Nathan Frey 0-0: Called Strike
0-1: Called Strike
0-2: Foul Ball, location: 2F
0-2: Foul Ball, location: 2F
0-2: Ground out 6-3 (Groundball, 6)
Batting: RHB Adam Davis 0-0: Foul Ball, location: 2F
0-1: Foul Ball, location: 2F
0-2: Strikes out looking
Batting: RHB Bobby Miller 0-0: Ball
1-0: Ball
2-0: Foul Ball, location: 2F
2-1: Ball
3-1: Foul Ball, location: 2F
3-2: Base on Balls
Batting: SHB Júlio Salazar 0-0: Ball
1-0: Ball
2-0: SINGLE (Line Drive, 6MD)
Bobby Miller to second
Batting: RHB Patrick Daniels 0-0: Foul Ball, location: 2F
0-1: Ball
1-1: Called Strike
1-2: Foul Ball, location: 2F
1-2: Ball
2-2: Strikes out swinging
Top of the 12th over - 0 run(s), 1 hit(s), 0 error(s), 2 left on base; Salem 4 - Saskatoon 4
BOTTOM OF THE 12TH
Saskatoon Smokin' Guns batting - Pitching for Salem Sledgehammers : LHP Alberto Pagán
Batting: RHB Travis Colbert 0-0: Ball
1-0: Called Strike
1-1: Foul Ball, location: 2F
1-2: Ball
2-2: Strikes out swinging
Batting: RHB Rijk de Rade 0-0: Called Strike
0-1: Called Strike
0-2: Ball
1-2: Ball
2-2: Ball
3-2: Foul Ball, location: 2F
3-2: Ground out 1-3 (Groundball, 13)
Batting: LHB Alejandro Rojas 0-0: Called Strike
0-1: SINGLE (Groundball, 56D)
Batting: RHB César Rodríguez 0-0: Ball
1-0: Foul Ball, location: 2F
1-1: Swinging Strike
1-2: Ball
2-2: Fielders Choice at 2nd, 4-6 (Groundball, 4)
Bottom of the 12th over - 0 run(s), 1 hit(s), 0 error(s), 0 left on base; Salem 4 - Saskatoon 4
TOP OF THE 13TH
Salem Sledgehammers batting - Pitching for Saskatoon Smokin' Guns : RHP Bernardo García
Batting: RHB Gilberto Silva 0-0: Ball
1-0: Foul Ball, location: 2F
1-1: Foul Ball, location: 2F
1-2: Ball
2-2: Ground out 3-1 (Groundball, 34S)
Batting: RHB Erik Carter 0-0: Called Strike
0-1: Ground out 6-3 (Groundball, 6)
Batting: RHB Luis Bustamante 0-0: Ball
1-0: Ball
2-0: SINGLE (Groundball, 6MD)
Batting: SHB Enrique Uribe 0-0: Ball
1-0: Swinging Strike
1-1: Foul Ball, location: 2F
1-2: Strikes out swinging
Top of the 13th over - 0 run(s), 1 hit(s), 0 error(s), 1 left on base; Salem 4 - Saskatoon 4
BOTTOM OF THE 13TH
Saskatoon Smokin' Guns batting - Pitching for Salem Sledgehammers : LHP Alberto Pagán
Batting: LHB Bo Rush 0-0: Ground out 3-1 (Groundball, 34)
Batting: SHB Michael Miller 0-0: Ball
1-0: Swinging Strike
1-1: Fly out, F7 (Flyball, 7)
Pitching: LHP Josh García
Batting: RHB Johnny MacNamara 0-0: Swinging Strike
0-1: Swinging Strike
0-2: Foul Ball, location: 2F
0-2: Strikes out swinging
Bottom of the 13th over - 0 run(s), 0 hit(s), 0 error(s), 0 left on base; Salem 4 - Saskatoon 4
TOP OF THE 14TH
Salem Sledgehammers batting - Pitching for Saskatoon Smokin' Guns : RHP Bernardo García
Pitching: LHP Ernesto Pérez
Batting: LHB Nathan Frey 0-0: Foul Ball, location: 2F
0-1: Foul Ball, location: 2F
0-2: Ball
1-2: Fly out, F9 (Flyball, 89S)
Batting: RHB Adam Davis 0-0: Swinging Strike
0-1: Fly out, F7 (Flyball, 7S)
Batting: RHB Bobby Miller 0-0: Swinging Strike
0-1: Swinging Strike
0-2: Ball
1-2: Strikes out swinging
Top of the 14th over - 0 run(s), 0 hit(s), 0 error(s), 0 left on base; Salem 4 - Saskatoon 4
BOTTOM OF THE 14TH
Saskatoon Smokin' Guns batting - Pitching for Salem Sledgehammers : LHP Josh García
Batting: RHB Brendon Little 0-0: Ball
1-0: Called Strike
1-1: Ball
2-1: Ball
3-1: Foul Ball, location: 2F
3-2: Base on Balls
Batting: RHB José Chávez 0-0: Sac Bunt - play at first, batter OUT! 1-3
Brendon Little to second
Batting: RHB Travis Colbert 0-0: Called Strike
0-1: Foul Ball, location: 2F
0-2: Ball
1-2: Foul Ball, location: 2F
1-2: Strikes out swinging
Batting: RHB Rijk de Rade 0-0: Intentional Walk
Batting: LHB Alejandro Rojas 0-0: Ball
1-0: Ball
2-0: Ball
3-0: Called Strike
3-1: Fielders Choice at 2nd, U6 (Groundball, 6M)
Bottom of the 14th over - 0 run(s), 0 hit(s), 0 error(s), 2 left on base; Salem 4 - Saskatoon 4
TOP OF THE 15TH
Salem Sledgehammers batting - Pitching for Saskatoon Smokin' Guns : LHP Ernesto Pérez
Batting: SHB Júlio Salazar 0-0: Ball
1-0: Swinging Strike
1-1: Foul Ball, location: 2F
1-2: Foul Ball, location: 2F
1-2: Fly out, F8 (Flyball, 8RD)
Batting: RHB Patrick Daniels 0-0: Ball
1-0: Foul Ball, location: 2F
1-1: Fly out, F7 (Flyball, 7)
Batting: RHB Gilberto Silva 0-0: Foul Ball, location: 2F
0-1: Ball
1-1: SINGLE (Groundball, 34D)
Batting: RHB Erik Carter 0-0: Ball
Gilberto Silva is caught stealing 2nd base
Top of the 15th over - 0 run(s), 1 hit(s), 0 error(s), 0 left on base; Salem 4 - Saskatoon 4
BOTTOM OF THE 15TH
Saskatoon Smokin' Guns batting - Pitching for Salem Sledgehammers : LHP Josh García
Batting: RHB César Rodríguez 0-0: Ball
1-0: Ball
2-0: Fly out, F5 (Popup, 5S)
Batting: LHB Bo Rush 0-0: Ball
1-0: Ball
2-0: Foul Ball, location: 2F
2-1: Ball
3-1: Foul Ball, location: 2F
3-2: Base on Balls
Batting: SHB Michael Miller 0-0: Called Strike
0-1: Ball
1-1: Called Strike
1-2: Foul Ball, location: 2F
1-2: Foul Ball, location: 2F
1-2: Fly out, F7 (Flyball, 7S)
Batting: RHB Johnny MacNamara 0-0: Ball
1-0: Called Strike
1-1: Called Strike
1-2: Foul Ball, location: 2F
1-2: Ball
2-2: Strikes out looking
Bottom of the 15th over - 0 run(s), 0 hit(s), 0 error(s), 1 left on base; Salem 4 - Saskatoon 4
TOP OF THE 16TH
Salem Sledgehammers batting - Pitching for Saskatoon Smokin' Guns : LHP Ernesto Pérez
Batting: RHB Erik Carter 0-0: Called Strike
0-1: Called Strike
0-2: Foul Ball, location: 2F
0-2: SINGLE (Groundball, 25) (infield hit)
Batting: RHB Luis Bustamante 0-0: Ball
1-0: Fly out, F3 (Popup, 4S)
Batting: SHB Enrique Uribe 0-0: Ball
1-0: Called Strike
1-1: Ball
2-1: Ball
3-1: Called Strike
3-2: Fielders Choice at 2nd, 6-4 (Groundball, 6MD)
Batting: LHB Nathan Frey 0-0: Ball
Enrique Uribe is caught stealing 2nd base
Top of the 16th over - 0 run(s), 1 hit(s), 0 error(s), 0 left on base; Salem 4 - Saskatoon 4
BOTTOM OF THE 16TH
Saskatoon Smokin' Guns batting - Pitching for Salem Sledgehammers : LHP Josh García
Batting: RHB Brendon Little 0-0: Ball
1-0: SINGLE (Flyball, 78S)
Batting: RHB José Chávez 0-0: Ball
1-0: Ball
2-0: Bunted foul
2-1: Sac Bunt - play at first, batter OUT! 1-4
Brendon Little to second
Pitching: LHP Curt Bennett
Batting: RHB Travis Colbert 0-0: Fly out, F9 (Flyball, 89M)
Batting: RHB Rijk de Rade 0-0: Intentional Walk
Batting: LHB Alejandro Rojas 0-0: Called Strike
0-1: Ball
1-1: Ball
2-1: Foul Ball, location: 2F
2-2: Ball
3-2: Base on Balls
Brendon Little to third
Rijk de Rade to second
Batting: RHB César Rodríguez 0-0: Ball
1-0: Called Strike
1-1: Foul Ball, location: 2F
1-2: Ball
2-2: Strikes out swinging
Bottom of the 16th over - 0 run(s), 1 hit(s), 0 error(s), 3 left on base; Salem 4 - Saskatoon 4
TOP OF THE 17TH
Salem Sledgehammers batting - Pitching for Saskatoon Smokin' Guns : LHP Ernesto Pérez
Batting: LHB Nathan Frey 0-0: Ball
1-0: Swinging Strike
1-1: Called Strike
1-2: Ball
2-2: Ball
3-2: Foul Ball, location: 2F
3-2: Foul Ball, location: 2F
3-2: Strikes out looking
Batting: RHB Adam Davis 0-0: Called Strike
0-1: Ball
1-1: Foul Ball, location: 2F
1-2: SOLO HOME RUN (Flyball, 7LD), Distance : 409 ft
Pitching: RHP Luis Mejía
Batting: RHB Bobby Miller 0-0: Ball
1-0: Ball
2-0: Called Strike
2-1: Foul Ball, location: 2F
2-2: Ball
3-2: Base on Balls
Batting: SHB Júlio Salazar 0-0: SINGLE (Flyball, 78S)
Bobby Miller to second
Batting: RHB Patrick Daniels 0-0: Called Strike
0-1: Ball
1-1: Ground out 6-3 (Groundball, 6S)
Bobby Miller to third
Júlio Salazar to second
Batting: RHB Gilberto Silva 0-0: Ball
1-0: Called Strike
1-1: Foul Ball, location: 2F
1-2: Ground out 1-3 (Groundball, 13S)
Top of the 17th over - 1 run(s), 2 hit(s), 0 error(s), 2 left on base; Salem 5 - Saskatoon 4
BOTTOM OF THE 17TH
Saskatoon Smokin' Guns batting - Pitching for Salem Sledgehammers : LHP Curt Bennett
Batting: LHB Bo Rush 0-0: Foul Ball, location: 2F
0-1: Called Strike
0-2: Fly out, F3 (Line Drive, 3L)
Batting: SHB Michael Miller 0-0: Called Strike
0-1: Fly out, F8 (Flyball, 8LM)
Batting: RHB Johnny MacNamara 0-0: Ground out 6-3 (Groundball, 6)
Bottom of the 17th over - 0 run(s), 0 hit(s), 0 error(s), 0 left on base; Salem 5 - Saskatoon 4
Thursday, March 30th, 2017 - OOTP Baseball 17.12 Build 75